 Dungeon Crawl Stone Soup version 0.22.1-1-ga44c0e5 (webtiles) character file.

394990 Anon1729 the Fetichist (level 22, -7/210 HPs)
             Began as a Deep Dwarf Fighter on Nov 11, 2018.
             Was the Champion of Makhleb.
             Killed from afar by a lich (64 damage)
             ... with a crystal spear
             ... on level 3 of the Depths.
             The game lasted 04:18:11 (57517 turns).

Anon1729 the Fetichist (Deep Dwarf Fighter)        Turns: 57517, Time: 04:18:12

Health: -7/210     AC: 37    Str: 30    XL:     22   Next: 17%
Magic:  28/28      EV:  7    Int: 13    God:    Makhleb [******]
Gold:   4736       SH: 20    Dex: 15    Spells: 28/31 levels left

rFire    + + .     SeeInvis +   o - +6 whip (vamp)
rCold    + + .     Gourm    .   c - +0 shield
rNeg     + . .     Faith    .   S - +9 scales of the Dragon King {rPois rF+ rC+ MR+}
rPois    +         Spirit   .   N - +0 helmet
rElec    .         Reflect  +   Y - scarf {rC+ rF+}
rCorr    .         Harm     .   y - +0 pair of gloves
MR       ++++.                  m - +0 pair of boots "Zysiugou" {Regen+ Str+5 Dex-4 Slay+2}
Stlth    ..........             a - +4 amulet of reflection
HPRegen  0.00/turn              n - ring of see invisible
MPRegen  0.21/turn              r - +6 ring of dexterity

@: about to teleport, non-regenerating, drained
A: damage resistance, heal wounds, hooves 1, slimy green scales 1, negative
energy resistance 1, sense surroundings 3, no regeneration
}: 2/15 runes: decaying, serpentine
a: Heal Wounds, Minor Destruction, Lesser Servant of Makhleb, Major Destruction,
Greater Servant of Makhleb, Renounce Religion


You were on level 3 of the Depths.
You worshipped Makhleb.
Makhleb was exalted by your worship.
You were not hungry.

You visited 9 branches of the dungeon, and saw 40 of its levels.
You also visited: Labyrinth, Ice Cave, Volcano and Wizlab.

You collected 5440 gold pieces.
You spent 704 gold pieces at shops.

Inventory:

Hand Weapons
 o - a +6 vampiric whip (weapon)
Missiles
 i - 37 javelins (quivered)
Armour
 c - a +0 shield (worn)
 m - the +0 pair of boots "Zysiugou" (worn) {Regen+ Str+5 Dex-4 Slay+2}
   (You found it on level 6 of the Lair of Beasts)

   It affects your strength (+5).
   It affects your dexterity (-4).
   It affects your accuracy and damage with ranged weapons and melee attacks
   (+2).
   It increases your rate of regeneration.
 y - a +0 pair of gloves (worn)
 N - a +0 helmet (worn)
 S - the +9 scales of the Dragon King (worn) {rPois rF+ rC+ MR+}
   (You found it on level 5 of the Lair of Beasts)

   It protects you from fire.
   It protects you from cold.
   It protects you from poison.
   It affects your resistance to hostile enchantments.
 Y - a scarf of resistance (worn)
Jewellery
 a - a +4 amulet of reflection (around neck)
 n - a ring of see invisible (left hand)
 r - a +6 ring of dexterity (right hand)
 K - an uncursed ring of flight
 W - an uncursed ring of resist corrosion
Wands
 h - a wand of iceblast (8)
 u - a wand of polymorph (62)
 x - a wand of clouds (2)
 A - a wand of acid (5)
 B - a wand of random effects (53)
 L - a wand of digging (16)
Scrolls
 e - 14 scrolls of teleportation
 j - 3 scrolls of magic mapping
 k - 10 scrolls of fog
 l - 3 scrolls of blinking
 p - 7 scrolls of remove curse
 s - 9 scrolls of fear
 v - 7 scrolls of enchant armour
 E - 2 scrolls of vulnerability
 G - 2 scrolls of summoning
 I - a scroll of brand weapon
 M - 5 scrolls of immolation
 X - 7 scrolls of identify
Potions
 b - 7 potions of magic
 d - 8 potions of agility
 g - 3 potions of haste
 q - 15 potions of curing
 t - 5 potions of mutation
 w - 7 potions of might
 z - 5 potions of brilliance
 C - 4 potions of resistance
 H - 6 potions of ambrosia
 J - 4 potions of flight
 P - 2 potions of invisibility
 U - a potion of heal wounds
 V - 4 potions of cancellation
 Z - 8 potions of berserk rage
Miscellaneous
 F - a phantom mirror
 O - a box of beasts
 Q - a phial of floods (inert)
 R - a fan of gales
 T - a lamp of fire (inert)
Comestibles
 f - 53 rations
 D - 10 chunks of flesh


   Skills:
 + Level 15.2(15.1) Fighting
 + Level 16.2(16.0) Maces & Flails
 + Level 17.6(17.4) Armour
 + Level 17.7(17.5) Shields
 + Level 5.4(5.3) Spellcasting
 + Level 6.0(5.9) Charms
 + Level 6.1(6.0) Summonings
 + Level 19.4(19.2) Invocations
 + Level 19.4(19.2) Evocations


You had 28 spell levels left.
You knew the following spells:

 Your Spells              Type           Power        Failure   Level  Hunger
a - Summon Butterflies    Summ           ###.....     19%         1    None
b - Song of Slaying       Chrm           ###.....     30%         2    ##.....

Your spell library contained the following spells:

 Spells                   Type           Power        Failure   Level  Hunger
 Summon Small Mammal      Summ           ###.         19%         1    None
 Infusion                 Chrm           ###.         21%         1    None
 Call Imp                 Summ           ###.....     28%         2    ##.....
 Call Canine Familiar     Summ           ###.....     50%         3    ###....
 Shroud of Golubria       Chrm/Tloc      ##........   71%         2    ##.....
 Recall                   Summ/Tloc      N/A          89%         3    ###....
 Summon Guardian Golem    Hex/Summ       ##......     89%         3    ###....
 Spectral Weapon          Hex/Chrm       ##......     90%         3    ###....
 Animate Skeleton         Necr           N/A          92%         1    None
 Beastly Appendage        Tmut           #.....       92%         1    None
 Flame Tongue             Conj/Fire      #....        92%         1    None
 Magic Dart               Conj           #...         92%         1    None
 Pain                     Necr           #...         92%         1    None
 Sandblast                Erth           #.....       92%         1    None
 Passwall                 Tmut/Erth      #.......     98%         2    ##.....
 Searing Ray              Conj           #.....       98%         2    ##.....
 Sticks to Snakes         Tmut           #.......     98%         2    ##.....
 Throw Flame              Conj/Fire      #.....       98%         2    ##.....
 Conjure Flame            Conj/Fire      #.......     100%        3    ###....
 Dazzling Spray           Conj/Hex       #.....       100%        3    ###....
 Inner Flame              Hex/Fire       #.......     100%        3    ###....
 Mephitic Cloud           Conj/Pois/Air  #.......     100%        3    ###....
 Spider Form              Tmut/Pois      #.........   100%        3    ###....
 Static Discharge         Conj/Air       #.......     100%        3    ###....
 Stone Arrow              Conj/Erth      #.....       100%        3    ###....
 Vampiric Draining        Necr           #.........   100%        3    ###....
 Airstrike                Air            #.........   100%        4    ####...
 Animate Dead             Necr           N/A          100%        4    ####...
 Cause Fear               Hex            #.........   100%        4    ####...
 Force Lance              Conj/Tloc      #.......     100%        4    ####...
 Fulminant Prism          Conj/Hex       #.........   100%        4    ####...
 Ice Form                 Ice/Tmut       #.......     100%        4    ####...
 Iskenderun's Mystic Bla  Conj           #.......     100%        4    ####...
 Petrify                  Tmut/Erth      #.......     100%        4    ####...
 Sticky Flame             Conj/Fire      #.......     100%        4    ####...
 Summon Ice Beast         Ice/Summ       ##......     100%        4    ####...
 Summon Lightning Spire   Summ/Air       ##......     100%        4    ####...
 Throw Icicle             Conj/Ice       #.......     100%        4    ####...
 Blade Hands              Tmut           #.........   100%        5    ######.
 Bolt of Magma            Conj/Fire/Erth #.........   100%        5    ######.
 Borgnjor's Vile Clutch   Necr/Erth      #.........   100%        5    ######.
 Fireball                 Conj/Fire      #.........   100%        5    ######.
 Irradiate                Conj/Tmut      #.........   100%        5    ######.
 Iskenderun's Battlesphe  Conj/Chrm      ##......     100%        5    ######.
 Lee's Rapid Deconstruct  Erth           #.........   100%        5    ######.
 Lightning Bolt           Conj/Air       #.........   100%        5    ######.
 Silence                  Hex/Air        #.........   100%        5    ######.
 Summon Mana Viper        Hex/Summ       ##......     100%        5    ######.
 Venom Bolt               Conj/Pois      #.........   100%        5    ######.
 Yara's Violent Unravell  Hex/Tmut       #.........   100%        5    ######.
 Death Channel            Necr           #.........   100%        6    #######
 Deflect Missiles         Chrm/Air       ##........   100%        6    #######
 Freezing Cloud           Conj/Ice/Air   #.........   100%        6    #######
 Hydra Form               Tmut           #.........   100%        6    #######
 Shadow Creatures         Summ           N/A          100%        6    #######
 Simulacrum               Ice/Necr       #.........   100%        6    #######
 Statue Form              Tmut/Erth      #........    100%        6    #######
 Dragon Form              Tmut           #.........   100%        7    #######
 Haunt                    Necr/Summ      ##........   100%        7    #######
 Summon Hydra             Summ           ###.......   100%        7    #######
 Borgnjor's Revivificati  Necr           #.........   100%        8    #######
 Death's Door             Chrm/Necr      ##........   100%        8    #######
 Discord                  Hex            #.........   100%        8    #######
 Infestation              Necr           #.........   100%        8    #######
 Necromutation            Tmut/Necr      #.........   100%        8    #######
 Regeneration             Chrm/Necr      Unusable     N/A         3    N/A

Dungeon Overview and Level Annotations

Branches:
Dungeon (15/15)            Temple (1/1) D:7            Lair (6/6) D:10
  Swamp (4/4) Lair:4        Snake (4/4) Lair:2        Slime (0/5) Lair:5
    Orc (2/2) D:10            Elf (1/3) Orc:2        Vaults (4/5) D:14
  Crypt (0/3) Vaults:2     Depths (3/5) D:15

Altars:
Ashenzari
Cheibriados
Dithmenos
Elyvilon
Fedhas
Gozag
Hepliaklqana
Kikubaaqudgha
Makhleb
Nemelex Xobeh
Okawaru
Qazlal
Ru
Trog
Uskayaw
Wu Jian
Xom
Yredelemnul
Zin
The Shining One
Beogh
Jiyva

Shops:
Orc:2 [(!}   Snake:3 *

Portals:
Hell: Depths:1 Depths:2 Depths:3
Pandemonium: Depths:3
Ziggurat: Depths:1

Annotations:
Lair:1 2 transporters, Buenic's ghost, journeyman TrTm
Swamp:3 1 runed door, Athroudoch's ghost, adept MfGl
Swamp:4 Lernaean hydra
Snake:4 3 runed doors, Anon1729's ghost, adept SpAs; Zanta616's ghost, adept DrFi
Vaults:4 exclusion: 3 downstairs


Innate Abilities, Weirdness & Mutations

You are resistant to damage.
You can heal yourself by infusing magical energy.
You resist negative energy. (rN+)
You passively map a large area around you.
You do not regenerate.
You have large cloven feet.
You are partially covered in slimy green scales. (AC +2)


Message History

* * * LOW HITPOINT WARNING * * *
Unknown command.
Okay, then.
As you read the scroll of teleportation, it crumbles to dust.
You feel strangely unstable. You block the storm dragon's attack. x2
The storm dragon tramples you but does no damage.
The frost giant hits you but does no damage.
The tengu reaver is engulfed in blazing flames.
Unknown command.
Evoke which item? (* to show all) (? for menu, Esc to quit)
Okay, then.
There is a huge open gate, spattered with blood here.
The tengu reaver casts a spell.
The tengu reaver conjures a globe of magical energy!
A battlesphere comes into view.
There is a huge open gate, spattered with blood here.
Unknown command.
The lich casts a spell at you. The crystal spear hits you!
You die...

##.......############.......##.#.
##.....###..........###.....###.#
#'[..###.#....≈≈....#.###..''###.
.''###...##..≈⌠.≈..''...###['..##
..###§§§..#........#.....###....#
..##.≈≈...##########......##.....
.##.≈...###≈..##...###.....##....
.#..≈..##≈≈≈DDL'.....##.....#..##
##....###*Q≈⌠CO'@8...###....##..#
#....###)'≈.H.##.[..[[###....#...
##'..#.≈§§##########)'..#..'###.#
..'###.))##*, , ##[..###'..#..
....#..O.* , #...)'....#..
....#..8. , , ,, ,#.⌠()'....#..
..#.#.... , ,, , ,#.(..#.≈..#..
.#..##### ##)'##.⌠≈.##'
.#..######, ,, ##))##..≈.##'


You could see an iron dragon, a storm dragon, a frost giant, a sphinx, a tengu
reaver, a lich, a two-headed ogre and a battlesphere.

Vanquished Creatures
  Saint Roka (Vaults:4)
  Margery (Vaults:4)
  A lich (Vaults:4)
  Kirke (Lair:5)
  A shadow dragon (Vaults:3)
  A tengu reaver (Depths:3)
  Roxanne (Snake:4)
  9 nagarajas
  3 thorn hunters
  A deep elf sorcerer (Vaults:3)
  6 frost giants
  6 fire giants
  11 vault wardens
  A ghoul (Vaults:3)
  8 ironheart preservers
  12 stone giants
  23 very ugly things
  Azrael (D:14)
  10 purple draconians (WizLab)
  A deep elf annihilator (Vaults:3)
  A minotaur (Lab)
  A minotaur (shapeshifter) (Depths:2)
  6 dire elephants (Lair:6)
  4 spark wasps (Depths:3)
  7 statues (WizLab)
  5 ettins
  An eidolon (Vaults:2)
  The ghost of Lilu the Destroyer, a journeyman DECj of Vehumet (Lair:6)
  A deep elf death mage (Vaults:2)
  2 fire dragons
  10 yaktaur captains
  3 great orbs of eyes
  Harold (D:7)
  9 ogre magi
  2 jiangshi (Depths:3)
  8 naga warriors
  The ghost of Jaiteiro the Blocker, a journeyman GnFi of the Shining One (D:10)
  A spriggan air mage (Depths:3)
  6 ice dragons
  7 ghost crabs
  17 hydras
  A rakshasa (Depths:2)
  37 two-headed ogres
  3 death knights
  Erica (D:8)
  8 anacondas
  8 centaur warriors
  8 alligators
  2 vampire magi
  8 tengu warriors
  10 deep troll earth magi
  7 deep troll shamans (Depths:3)
  2 dancing weapons (Orc:2)
  Urug (D:10)
  2 death yaks
  10 shock serpents
  9 naga sharpshooters
  3 orc high priests
  7 hell knights
  4 deep elf knights
  3 iron trolls (Depths:3)
  26 slime creatures
  2 shadow wraiths
  A skeletal warrior (Vaults:3)
  5 salamander mystics
  2 flayed ghosts
  22 deep trolls
  3 spriggan druids
  5 glowing orange brains
  14 naga ritualists
  11 swamp dragons
  4 deep elf archers
  An unseen horror (D:10)
  2 sea snakes (Snake:3)
  2 phantasmal warriors
  5 harpies (Vaults:2)
  3 shambling mangroves
  A wizard (Depths:2)
  6 ironbrand convokers
  4 necromancers
  7 mana vipers
  Pikel (D:7)
  32 deep elf magi
  8 orc knights
  A salamander (shapeshifter) (Depths:2)
  4 manticores
  A wolf spider zombie (D:13)
  5 wolf spiders
  7 orc sorcerers
  50 ugly things
  12 salamanders
  7 cyclopes
  A black mamba (shapeshifter) (Vaults:2)
  7 elephants
  34 black mambas
  2 guardian serpents (Snake:2)
  26 naga magi
  4 apocalypse crabs (Swamp:2)
  A gargoyle (D:9)
  13 vault sentinels
  Psyche (D:9)
  A rime drake (shapeshifter) (Vaults:1)
  18 spiny frogs
  A centaur skeleton (D:15)
  A spiny frog (shapeshifter) (Vaults:1)
  49 yaktaurs
  A yaktaur (shapeshifter) (D:15)
  4 rime drakes
  2 komodo dragons (shapeshifter)
  6 komodo dragons
  11 freezing wraiths
  8 trolls
  4 tengu conjurers
  18 polar bears (IceCv)
  7 tyrant leeches
  A meliai (D:13)
  A jumping spider (shapeshifter) (D:15)
  A wind drake (shapeshifter) (Vaults:1)
  11 hornets
  19 blink frogs
  6 hippogriffs
  16 bog bodies
  7 spriggans
  A hippogriff (shapeshifter) (D:15)
  9 water elementals (Depths:2)
  6 shadows
  A spriggan (shapeshifter) (Depths:2)
  3 vampires
  3 redbacks (Orc:1)
  9 wraiths
  41 yaks
  2 fire elementals
  5 wyverns
  3 humans
  Grum (D:11)
  19 vampire mosquitoes
  2 hungry ghosts
  5 hogs
  16 swamp worms
  3 wargs
  18 insubstantial wisps
  43 nagas
  2 soldier ants
  2 acid dragons
  15 swamp drakes
  9 water moccasins
  6 hell hounds (D:14)
  A floating eye (shapeshifter) (D:14)
  7 porcupines
  3 ice beasts
  41 orc warriors
  3 sky beasts
  A black bear (shapeshifter) (Depths:2)
  A black bear (D:8)
  An eye of draining (D:13)
  4 slaves (D:7)
  32 ogres
  2 phantoms
  45 wolves
  5 necrophages
  8 boggarts
  19 centaurs
  10 crocodiles
  4 big kobolds
  A big kobold (shapeshifter) (D:15)
  24 bullfrogs
  3 gnoll sergeants
  A deep troll simulacrum (Vaults:3)
  A wyvern skeleton (D:13)
  A hornet simulacrum (D:14)
  A water moccasin skeleton (D:6)
  3 scorpions
  18 killer bees
  2 wights
  11 electric eels
  4 centaur zombies
  5 howler monkeys
  7 crimson imps
  A quasit (D:11)
  5 hounds
  6 jellies
  25 orc priests
  4 bullfrog skeletons
  6 iguanas
  Terence (D:2)
  29 orc wizards
  13 worker ants
  2 hound zombies
  3 worker ant zombies
  21 gnolls
  A howler monkey skeleton (D:6)
  10 adders
  3 shadow imps
  An ooze (D:7)
  An adder zombie (D:9)
  An adder skeleton (D:6)
  A worm (shapeshifter) (Vaults:3)
  A worm (D:4)
  5 dart slugs
  8 leopard geckos
  111 orcs
  3 ball pythons
  7 bats
  3 giant cockroaches
  6 goblins
  A hobgoblin (D:2)
  12 jackals
  22 kobolds
  5 quokkas
  6 frilled lizards
  A quokka zombie (D:7)
  2 rats (D:1)
  A fungus (Lair:6)
  A plant (Lair:6)
1685 creatures vanquished.

Vanquished Creatures (collateral kills)
  the Lernaean hydra (Swamp:4)
  A lich (Depths:1)
  Asterion (Vaults:1)
  A sphinx (Depths:3)
  An orc warlord (Orc:2)
  A vault warden (Vaults:1)
  Josephine (D:9)
  A statue (WizLab)
  An ogre mage (Vaults:3)
  An alligator (Swamp:4)
  An iron troll (Depths:3)
  A skeletal warrior (Vaults:3)
  5 ugly things (D:14)
  A deep elf mage (Vaults:3)
  Maurice (D:9)
  An apocalypse crab (Swamp:2)
  2 vault sentinels (Vaults:1)
  A centaur skeleton (D:14)
  2 meliai
  A tyrant leech (Swamp:4)
  Prince Ribbit (D:8)
  A bog body (Swamp:4)
  4 slime creatures (D:14)
  A wraith (D:9)
  A naga (Lair:2)
  3 orc warriors
  A phantom (D:9)
  3 centaurs (Vaults:1)
  A bullfrog (D:14)
  A quasit (D:14)
  An orc wizard (Orc:2)
  4 orcs
  A quokka (D:9)
49 creatures vanquished.

Vanquished Creatures (others)
  A stone giant (Depths:2)
  A statue (WizLab)
  A merfolk javelineer (Depths:2)
  A yaktaur captain (Vaults:2)
  A hydra (Swamp:2)
  An ogre mage (Vaults:1)
  2 naga sharpshooters (Snake:4)
  A spriggan druid (Swamp:2)
  4 deep elf archers
  A cyclops (Vaults:2)
  A vault sentinel (Vaults:3)
  A black mamba (Snake:2)
  10 yaktaurs
  A naga (Snake:4)
  A swamp drake (Swamp:3)
  An ogre (Vaults:2)
  2 boggarts (Depths:1)
  A crocodile (shapeshifter) (D:15)
  An orc wizard (D:15)
  An adder zombie (D:6)
  An orc (Vaults:3)
  18 fungi
  6 plants
  6 withered plants (Snake:4)
65 creatures vanquished.

Grand Total: 1799 creatures vanquished

Notes
Turn   | Place    | Note
-------+----------+-------------------------------------------
     0 | D:1      | Anon1729 the Deep Dwarf Fighter began the quest for the
                  | Orb.
     0 | D:1      | Reached XP level 1. HP: 20/20 MP: 1/1
   373 | D:1      | Reached XP level 2. HP: 21/27 MP: 2/2
   898 | D:2      | Reached XP level 3. HP: 15/33 MP: 3/3
   980 | D:2      | Noticed Terence
  1016 | D:2      | Killed Terence
  1060 | D:2      | Reached XP level 4. HP: 38/42 MP: 4/4
  1100 | D:2      | Found a white marble altar of Elyvilon.
  1447 | D:3      | Found a shadowy altar of Dithmenos.
  1487 | D:3      | Found a sacrificial altar of Ru.
  1617 | D:3      | Reached XP level 5. HP: 34/49 MP: 5/5
  2158 | D:4      | Reached XP level 6. HP: 41/57 MP: 6/6
  2166 | D:4      | Reached skill level 5 in Shields
  2731 | D:4      | You fall through a shaft!
  2731 | D:5      | Entered Level 5 of the Dungeon
  2794 | D:5      | Reached skill level 5 in Armour
  2794 | D:5      | Reached XP level 7. HP: 55/64 MP: 7/7
  4205 | D:4      | Reached skill level 5 in Maces & Flails
  4325 | D:5      | Reached XP level 8. HP: 28/73 MP: 8/8
  4527 | D:5      | Found a burning altar of Makhleb.
  4545 | D:5      | Reached skill level 5 in Fighting
  4551 | D:5      | Became a worshipper of Makhleb the Destroyer
  5016 | D:6      | Got a faintly humming leather armour
  5051 | D:6      | Reached skill level 1 in Invocations
  5051 | D:6      | Reached skill level 1 in Evocations
  5259 | D:6      | Reached * piety under Makhleb
  6051 | D:6      | Reached ** piety under Makhleb
  6074 | D:6      | Gained mutation: You passively map the area around you.
                  | [Deep Dwarf growth]
  6074 | D:6      | Reached XP level 9. HP: 82/82 MP: 11/11
  6118 | D:6      | Noticed a deep elf mage
  6118 | D:6      | Noticed a deep elf mage
  6136 | D:6      | Noticed a centaur warrior
  6157 | D:6      | a centaur warrior changed into a slime creature
  6354 | D:7      | Noticed Pikel
  6484 | D:7      | Killed Pikel
  6577 | D:7      | Reached skill level 5 in Invocations
  6577 | D:7      | Reached skill level 5 in Evocations
  6780 | D:6      | Killed a deep elf mage
  6952 | D:6      | Reached XP level 10. HP: 57/92 MP: 14/14
  7169 | D:7      | Reached *** piety under Makhleb
  7284 | D:7      | Found a staircase to the Ecumenical Temple.
  7471 | Temple   | Entered the Ecumenical Temple
  7670 | D:8      | Noticed Harold
  7759 | D:7      | Killed Harold
  7981 | D:8      | Noticed Prince Ribbit
  8300 | D:8      | Noticed Erica
  8345 | D:8      | Killed Erica
  8352 | D:8      | Killed Prince Ribbit
  8426 | D:8      | Noticed a two-headed ogre
  8444 | D:8      | Killed a two-headed ogre
  8906 | D:8      | Identified the +1 leather armour "Titheex" {rElec rF+
                  | Int+4} (You found it on level 6 of the Dungeon)
  8924 | D:8      | You fall through a shaft!
  9226 | D:9      | Reached **** piety under Makhleb
  9291 | D:9      | Found a shattered altar of Ashenzari.
  9314 | D:9      | Reached XP level 11. HP: 98/98 MP: 16/16
  9821 | D:9      | Found a blossoming altar of Fedhas.
 10347 | D:10     | Entered Level 10 of the Dungeon
 10372 | D:10     | Noticed Josephine
 10398 | D:9      | Killed Josephine
 10706 | D:10     | Noticed Urug
 10835 | D:10     | Found a runed door.
 10835 | D:10     | Noticed Jaiteiro's ghost (journeyman GnFi)
 10927 | D:10     | Noticed Maurice
 10992 | D:9      | HP: 5/102 [wraith[Josephine] (1)]
 11003 | D:9      | Killed Maurice
 11297 | D:10     | Noticed an unseen horror
 11298 | D:10     | Noticed Psyche
 11308 | D:9      | Killed Psyche
 11341 | D:10     | Killed an unseen horror
 11387 | D:10     | Killed Urug
 11890 | D:10     | HP: 3/103 [electric eel/bolt of electricity (10)]
 12061 | D:11     | Noticed a purple ugly thing
 12128 | D:10     | Killed a purple ugly thing
 12588 | D:11     | Reached skill level 10 in Shields
 12602 | D:11     | Reached XP level 12. HP: 112/112 MP: 16/16
 12701 | D:11     | Reached ***** piety under Makhleb
 12735 | D:11     | Reached skill level 10 in Armour
 13039 | D:11     | Noticed Grum
 13059 | D:11     | Killed Grum
 13440 | D:12     | Found a frozen archway.
 13569 | IceCv    | Entered an ice cave
 13877 | IceCv    | Reached skill level 10 in Evocations
 13898 | IceCv    | Noticed a death yak
 13976 | IceCv    | Killed a death yak
 13982 | IceCv    | Reached skill level 10 in Invocations
 14388 | IceCv    | Noticed a frost giant
 14412 | IceCv    | Killed a frost giant
 15105 | D:12     | Reached XP level 13. HP: 102/121 MP: 19/19
 15319 | D:12     | Found a hazy altar of Hepliaklqana.
 15670 | D:10     | Found a staircase to the Orcish Mines.
 16009 | D:10     | Found a staircase to the Lair.
 16212 | D:13     | Reached skill level 10 in Maces & Flails
 16400 | D:13     | Found a shadowy altar of Dithmenos.
 17300 | Lair:1   | Entered Level 1 of the Lair of Beasts
 17612 | Lair:1   | Found a transporter.
 17624 | Lair:1   | Found a transporter.
 17628 | Lair:1   | Noticed Buenic's ghost (journeyman TrTm)
 18312 | Lair:2   | Found a staircase to the Snake Pit.
 18383 | Lair:2   | Found a labyrinth entrance.
 18400 | Lab      | Entered a labyrinth
 18544 | Lab      | Noticed a minotaur
 18565 | Lab      | Killed a minotaur
 18592 | Lab      | Got a brightly glowing hand crossbow
 18592 | Lab      | Got a faintly glowing hand axe
 18868 | Lair:2   | Reached skill level 10 in Fighting
 20871 | Lair:4   | Found a staircase to the Swamp.
 21039 | Lair:4   | Gained mutation: You resist negative energy. (rN+) [Deep
                  | Dwarf growth]
 21039 | Lair:4   | Reached XP level 14. HP: 132/132 MP: 20/20
 21187 | Lair:4   | Reached ****** piety under Makhleb
 22302 | Lair:5   | Found the +9 scales of the Dragon King {rPois rF+ rC+ MR+}
 22422 | Lair:5   | Found a viscous altar of Jiyva.
 22423 | Lair:5   | Found a staircase to the Slime Pits.
 22609 | Lair:5   | Got an ichor-stained scale mail
 22620 | Lair:5   | Identified the +2 scale mail "Atapp" {rElec MR+ Dex+3
                  | Stlth-} (You found it on level 5 of the Lair of Beasts)
 22690 | Lair:6   | Entered Level 6 of the Lair of Beasts
 22902 | Lair:6   | Found a dark tunnel.
 22911 | Volcano  | Entered a volcano
 23512 | Lair:6   | Found a large runed door.
 23512 | Lair:6   | Found a large runed door.
 23624 | Lair:6   | Noticed Kirke
 23769 | Lair:5   | Killed Kirke
 24115 | Lair:6   | Got a pair of shimmering boots
 24129 | Lair:6   | Identified the +0 pair of boots "Zysiugou" {Regen+ Str+5
                  | Dex-4 Slay+2} (You found it on level 6 of the Lair of
                  | Beasts)
 24625 | Lair:6   | Noticed Lilu's ghost (journeyman DECj)
 25046 | Lair:6   | Killed Lilu's ghost
 25752 | D:10     | Killed Jaiteiro's ghost
 26629 | D:14     | Reached XP level 15. HP: 141/141 MP: 20/20
 26873 | D:14     | Found a gate to the Vaults.
 26985 | D:15     | Entered Level 15 of the Dungeon
 27167 | D:14     | Paralysed by a floating eye for 4 turns
 27391 | D:15     | Noticed Azrael
 27646 | D:14     | Killed Azrael
 28282 | D:15     | Found a staircase to the Depths.
 28342 | D:15     | Learned a level 1 spell: Summon Butterflies
 28857 | Orc:1    | Entered Level 1 of the Orcish Mines
 29562 | Orc:2    | Entered Level 2 of the Orcish Mines
 29660 | Orc:2    | Found a roughly hewn altar of Beogh.
 29710 | Orc:2    | Found a roughly hewn altar of Beogh.
 29722 | Orc:2    | Found Gyumeh's Gadget Boutique.
 29812 | Orc:2    | Found a staircase to the Elven Halls.
 29985 | Orc:2    | Found a roughly hewn altar of Beogh.
 30152 | Orc:2    | Found a roughly hewn altar of Beogh.
 30295 | Orc:2    | Noticed an orc warlord
 30361 | Orc:2    | Killed an orc warlord
 30484 | Orc:2    | Found Kemiunes's Antique Armour Emporium.
 30485 | Orc:2    | Found a roughly hewn altar of Beogh.
 30486 | Orc:2    | Found Kaokk's Antique Weapon Shoppe.
 30499 | Orc:2    | Bought a jewelled trident for 170 gold pieces
 30604 | Orc:2    | Found a roughly hewn altar of Beogh.
 30604 | Orc:2    | Found Zajiew's Distillery.
 30679 | Orc:2    | Bought a potion of haste for 140 gold pieces
 30679 | Orc:2    | Bought a potion of invisibility for 112 gold pieces
 30679 | Orc:2    | Bought a potion of curing for 42 gold pieces
 30679 | Orc:2    | Bought a potion of curing for 42 gold pieces
 30679 | Orc:2    | Bought a potion of agility for 56 gold pieces
 30777 | Elf:1    | Entered Level 1 of the Elven Halls
 30853 | Orc:2    | Reached XP level 16. HP: 152/152 MP: 21/21
 31143 | Swamp:1  | Entered Level 1 of the Swamp
 31403 | Snake:1  | Entered Level 1 of the Snake Pit
 32179 | Depths:1 | Entered Level 1 of the Depths
 32331 | Depths:1 | Found a gateway to Hell.
 32531 | Depths:1 | Found a gateway to a ziggurat.
 32540 | Depths:1 | Noticed a lich
 32571 | Depths:1 | Noticed a lich
 32597 | Depths:1 | Killed a lich
 32832 | Depths:1 | Found a magical portal.
 32841 | WizLab   | Entered Iskenderun's Mystic Tower
 33545 | WizLab   | Reached skill level 15 in Invocations
 33787 | WizLab   | Reached skill level 15 in Evocations
 34579 | WizLab   | Identified Iskenderun's Disquisition on Arcane Weapons
 34579 | WizLab   | Identified Iskenderun's Papyrus of Confrontation
 34579 | WizLab   | Identified the Collected Works on Supportive Air
 35011 | Depths:1 | Found a glowing golden altar of the Shining One.
 35909 | Snake:1  | Reached XP level 17. HP: 162/162 MP: 22/22
 37570 | Snake:3  | Found Pirutah's General Store.
 37577 | Snake:3  | Bought a scroll of enchant weapon for 142 gold pieces
 39977 | Swamp:2  | Reached skill level 15 in Shields
 40485 | Swamp:2  | Found a runed door.
 40707 | Swamp:2  | Reached skill level 15 in Armour
 41147 | Swamp:2  | Gained mutation: You have large cloven feet. [mutagenic
                  | glow]
 41916 | Swamp:3  | Gained mutation: You passively map a large area around you.
                  | [Deep Dwarf growth]
 41916 | Swamp:3  | Reached XP level 18. HP: 171/171 MP: 24/24
 42152 | Swamp:3  | Found a runed door.
 42152 | Swamp:3  | Noticed Athroudoch's ghost (adept MfGl)
 42398 | Swamp:4  | Entered Level 4 of the Swamp
 43018 | Swamp:4  | Found the +4 skin of Zhor {rC+++}
 43051 | Swamp:4  | Noticed the 27-headed Lernaean hydra
 43065 | Swamp:4  | Killed the 27-headed Lernaean hydra
 43228 | Swamp:4  | Got a decaying rune of Zot
 43671 | Snake:4  | Entered Level 4 of the Snake Pit
 44518 | Snake:4  | Found a runed gate.
 44519 | Snake:4  | Found a runed gate.
 44520 | Snake:4  | Found a runed gate.
 44555 | Snake:4  | Noticed Roxanne
 44562 | Snake:4  | Noticed Zanta616's ghost (adept DrFi)
 44563 | Snake:4  | Noticed Anon1729's ghost (adept SpAs)
 45247 | Snake:4  | Reached XP level 19. HP: 181/181 MP: 25/25
 45431 | Snake:4  | Got a serpentine rune of Zot
 45643 | Snake:4  | Killed Roxanne
 47966 | Depths:3 | Reached skill level 15 in Maces & Flails
 48274 | Depths:3 | Found a one-way gate leading to the halls of Pandemonium.
 48783 | Vaults:1 | Entered Level 1 of the Vaults
 48837 | Vaults:1 | Learned a level 2 spell: Song of Slaying
 49113 | Vaults:1 | Reached skill level 1 in Spellcasting
 49142 | Vaults:1 | Reached skill level 1 in Charms
 49155 | Vaults:1 | Reached skill level 1 in Summonings
 49344 | Vaults:1 | Reached XP level 20. HP: 190/190 MP: 26/26
 49905 | Vaults:1 | Noticed Asterion
 49925 | Vaults:1 | Killed Asterion
 51169 | Vaults:2 | Found a staircase to the Crypt.
 52946 | Vaults:3 | Gained mutation: You are partially covered in slimy green
                  | scales. (AC +2) [a cacodemon]
 53012 | Vaults:3 | Reached XP level 21. HP: 42/199 MP: 27/27
 54787 | Vaults:4 | Noticed Margery
 54819 | Vaults:4 | Killed Margery
 54819 | Vaults:4 | Reached skill level 5 in Summonings
 54898 | Vaults:4 | Reached skill level 5 in Charms
 55222 | Vaults:4 | Reached skill level 15 in Fighting
 55327 | Vaults:4 | Noticed Saint Roka
 55359 | Vaults:4 | Killed Saint Roka
 56550 | Depths:3 | Reached skill level 5 in Spellcasting
 56955 | Depths:3 | Reached XP level 22. HP: 210/210 MP: 28/28
 57517 | Depths:3 | Killed from afar by a lich

Skill      XL: |  1  2  3  4  5  6  7  8  9 10 11 12 13 14 15 16 17 18 19 20 21 22 |
---------------+-------------------------------------------------------------------+-----
Fighting       | 3 4 5 6 7 8 9 10 11 12 13 14 15 | 15.2
Shields        | 4 5 6 7 9 10 11 12 13 14 15 16 17 | 17.7
Maces & Flails | 3 4 5 6 7 8 9 10 11 12 13 14 15 16 | 16.2
Armour         | 4 5 6 7 8 9 10 11 12 13 14 15 16 17 | 17.6
Invocations    | 3 5 7 9 10 11 13 14 15 16 17 18 19 | 19.4
Evocations     | 3 5 7 9 10 12 13 14 15 16 17 18 19 | 19.4
Spellcasting   | 1 3 5 |  5.4
Charms         | 1 4 5 6 |  6.0
Summonings     | 1 4 5 6 |  6.1

Action                   |  1- 3 |  4- 6 |  7- 9 | 10-12 | 13-15 | 16-18 | 19-21 | 22-24 || total
-------------------------+-------+-------+-------+-------+-------+-------+-------+-------++-------
Melee: Flail             |   161 |    25 |    38 |       |       |       |       |       ||   224
       Whip              |       |   265 |   952 |  2319 |  4956 |  4238 |  4626 |   291 || 17647
       Unarmed           |       |       |       |       |    15 |       |       |       ||    15
Throw: Javelin           |       |       |       |       |     2 |     1 |       |       ||     3
 Cast: Summon Butterflie |       |       |       |       |       |       |     1 |       ||     1
       Song of Slaying   |       |       |       |       |       |       |     1 |       ||     1
Invok: Minor Destruction |       |       |       |     2 |     4 |       |       |       ||     6
       Lesser Servant of |       |       |       |     6 |     7 |     5 |     8 |       ||    26
       Greater Servant o |       |       |       |       |     2 |       |     4 |       ||     6
 Abil: Heal Wounds       |     1 |       |     5 |     8 |     3 |     5 |     2 |       ||    24
       Evoke Berserk Rag |       |       |       |       |     2 |     1 |       |       ||     3
       Evoke Flight      |       |       |       |       |       |       |     3 |       ||     3
       Stop Flying       |       |       |       |       |       |       |     1 |       ||     1
Evoke: Wand              |       |       |    10 |    29 |    17 |    19 |    14 |       ||    89
       Fan of gales      |       |       |       |     1 |       |     1 |       |       ||     2
       Phantom mirror    |       |       |       |     1 |       |     1 |       |       ||     2
       Phial of floods   |       |       |       |       |       |     4 |     1 |     1 ||     6
       Box of beasts     |       |       |       |       |       |     1 |       |       ||     1
       Lamp of fire      |       |       |       |       |       |     1 |     3 |     1 ||     5
  Use: Potion            |       |     2 |     2 |     4 |     1 |     5 |     5 |       ||    19
       Scroll            |       |       |     9 |     6 |    17 |    10 |     5 |     1 ||    48
 Stab: Paralysed         |       |     2 |    17 |    52 |    36 |     2 |       |       ||   109
       Confused          |       |       |       |     3 |     2 |     3 |       |       ||     8
       Distracted        |       |       |       |     1 |     2 |     1 |     3 |       ||     7
       Petrified         |       |       |       |       |       |     6 |       |       ||     6
       Petrifying        |       |       |       |       |       |     2 |       |       ||     2
  Eat: Chunk             |     1 |     4 |     8 |    23 |    49 |    22 |    45 |     2 ||   154
       Ration            |       |     2 |     4 |     2 |     3 |     9 |       |       ||    20
Armor: Scale mail        |   107 |    88 |   235 |   871 |   358 |       |       |       ||  1659
       Chain mail        |       |       |       |       |   222 |       |       |       ||   222
       Gold dragon scale |       |       |       |       |  1559 |  1620 |  1972 |   131 ||  5282
Dodge: Dodged            |    59 |    65 |   172 |   724 |   806 |   496 |   679 |    53 ||  3054
Block: Shield            |   135 |   146 |   385 |  1563 |  2789 |  2643 |  3432 |   299 || 11392
       Reflection        |       |       |       |       |       |   127 |   165 |    11 ||   303
